 Dungeon Crawl Stone Soup version 0.17.2-1-ge4368a0 (webtiles) character file.

820 4thArraOfDagon the Martial Artist (level 7, 0/55 HPs)
             Began as a Vine Stalker Monk on Aug 15, 2016.
             Slain by a giant frog (2 damage)
             ... on level 9 of the Dungeon.
             The game lasted 00:09:41 (1777 turns).

4thArraOfDagon the Martial Artist (VSMo)            Turns: 1777, Time: 00:09:42

Health: 0/55       AC: 23    Str: 14    XL:     7   Next: 95%
Magic:  0/8        EV:  2    Int: 12    God:
Gold:   154        SH:  0    Dex: 18    Spells: 0 memorised, 6 levels left

rFire  + . .     SeeInvis .       - Unarmed
rCold  . . .     Clarity  .     (armour currently unavailable)
rNeg   + + +     SustAt   .     (no shield)
rPois  +         Gourm    .     (helmet currently unavailable)
rElec  .         Spirit   +     (cloak currently unavailable)
rCorr  .         Warding  .     (gloves currently unavailable)
rMut   .         NoTele   +     (boots currently unavailable)
MR     .....                    (no amulet)
Stlth  +++.......               r - ring of protection from fire
                                d - +2 ring of evasion

@: lethally poisoned (0 -> -1), tree-form, very slightly contaminated, not
resistant to hostile enchantments, fairly stealthy
A: (antennae 0), (fangs 0), (talons 0), thin skeletal structure 1, (deformed
body), regeneration 2, wild magic 1, magic shield, (antimagic bite), no device
heal 3, rot immunity
a: no special abilities


You were on level 9 of the Dungeon.
You were not hungry.
You were a tree.
You visited 1 branch of the dungeon, and saw 9 of its levels.
You also visited: Sewer and Ossuary.

You collected 154 gold pieces.

Inventory:

Hand Weapons
 g - a +1 scythe
 o - the +7 spear of Yrohy {flame, *Confuse rElec MR+ Str+4}
   (You found it on level 4 of the Dungeon)

   It has been specially enchanted to burn those struck by it, causing extra
   injury to most foes and up to half again as much damage against particularly
   susceptible opponents.
   It affects your strength (+4).
   It insulates you from electricity.
   It affects your resistance to hostile enchantments.
   It may confuse you when you take damage.
Missiles
 s - a throwing net (quivered)
Armour
 a - a +0 robe
 i - a +0 plate armour (melded)
 w - the +0 plate armour of Trog's Benevolence {+Inv rPois Str-5 Dex-2}
   (You found it on level 7 of the Dungeon)

   It affects your strength (-5).
   It affects your dexterity (-2).
   It protects you from poison.
   It lets you turn invisible.
Jewellery
 c - a cursed -3 ring of evasion
 d - a +2 ring of evasion (left branch)
 e - an uncursed ring of stealth
 l - an uncursed ring of sustain attributes
 r - a ring of protection from fire (right branch)
 A - an uncursed ring of poison resistance {unknown}
Wands
 v - a wand of random effects (31)
Scrolls
 p - 3 scrolls of identify
 t - a scroll of recharging
 u - a scroll of holy word
 x - a scroll of enchant weapon
 y - a scroll of remove curse
Potions
 f - a potion of poison
 h - a potion of flight
Comestibles
 b - 3 bread rations
 j - 2 beef jerkies
 m - 3 meat rations
 z - 3 chunks of flesh


   Skills:
 - Level 4.1 Fighting
 - Level 3.2 Dodging
 - Level 2.4 Stealth
 * Level 8.5 Unarmed Combat


You had 6 spell levels left.
You didn't know any spells.

Dungeon Overview and Level Annotations

Branches:
Dungeon (9/15)
 Temple: D:4-7         Lair: D:8-11         Orc: D:9-12

Altars:
The Shining One

Annotations:
D:8 Erica


Innate Abilities, Weirdness & Mutations

((You have extremely sharp teeth.))
You heal very quickly.
When hurt, damage is shared between your health and your magic reserves.
((Your bite disrupts and absorbs the magic of your enemies.))
Potions and wands cannot restore your health.
You are immune to rotting.
((You have a pair of small antennae on your head.))
((You have sharp toenails.))
You have a somewhat thin skeletal structure (Dex +2, Stealth).
((Armour fits poorly on your strangely shaped body.))
Your spells are a little harder to cast, but a little more powerful.


Message History

Unknown command.
Unknown command.
You hit the killer bee but do no damage.
The killer bee stings you but does no damage. x2
Unknown command.
You barely miss the killer bee.
The killer bee stings you but does no damage.
Unknown command.
You pummel the killer bee!!
You kill the killer bee!
* * * LOW HITPOINT WARNING * * *
You feel sick.
The killer bee stings you but does no damage.
A killer bee comes into view.
Unknown command.
The killer bee buzzes angrily.
You pummel the killer bee!!
You kill the killer bee!
The giant frog hits you.
You die...

..# ..# ..# ....#
..##### #....#
##....... ##....
#........ ....#
#†....... ....# #♣#
....# #F# ....# +y#
....# +Y# ....#
###y#####+
#...#######
#...K.....
#..y......#
#..K......
###.y.....#
#y........ y
#.....[.####.........


You could see an ice beast, a giant frog, 2 killer bees and 2 kobolds.

Vanquished Creatures
  An ice beast (D:6)
  2 centaurs (D:6)
  A giant frog (D:9)
  A scorpion (D:9)
  2 killer bees (D:9)
  A jelly (D:8)
  A crimson imp (D:5)
  A hound (D:9)
  A centaur skeleton (D:4)
  A giant frog skeleton (D:4)
  A worker ant (D:5)
  2 gnolls (D:5)
  4 mummies (Ossuary)
  5 adders
  2 shadow imps (D:6)
  A giant gecko (D:7)
  2 orcs
  5 ball pythons
  2 goblins
  A hobgoblin (D:3)
  A kobold (D:9)
  2 quokkas
  A bat (D:3)
  A giant newt (D:7)
  5 rats
47 creatures vanquished.

Vanquished Creatures (collateral kills)
  An orc warrior (D:9)
  An orc (D:9)
2 creatures vanquished.

Grand Total: 49 creatures vanquished

Notes
Turn   | Place    | Note
--------------------------------------------------------------
     0 | D:1      | 4thArraOfDagon the Vine Stalker Monk began the quest for the Orb.
     0 | D:1      | Reached XP level 1. HP: 11/11 MP: 2/2
    88 | D:2      | buzz off
   158 | D:3      | Noticed a hippogriff
   304 | D:4      | Noticed a giant frog skeleton
   311 | D:4      | Killed a giant frog skeleton
   311 | D:4      | Reached XP level 2. HP: 6/16 MP: 3/3
   311 | D:4      | Reached XP level 3. HP: 7/20 MP: 4/4
   321 | D:5      | Entered Level 5 of the Dungeon
   322 | D:5      | :(
   373 | D:4      | Got a scorched spear
   415 | D:4      | Noticed a centaur skeleton
   424 | D:4      | Killed a centaur skeleton
   424 | D:4      | Reached XP level 4. HP: 17/25 MP: 3/5
   576 | D:5      | Found a glowing drain.
   612 | Sewer    | Entered a sewer
   758 | D:5      | Found a glowing golden altar of the Shining One.
   768 | D:5      | Reached XP level 5. HP: 23/29 MP: 3/6
   902 | D:5      | Reached skill level 5 in Unarmed Combat
   930 | D:6      | Noticed a centaur
   943 | D:6      | Killed a centaur
   943 | D:6      | Gained mutation: You heal very quickly. [Vine Stalker growth]
   943 | D:6      | Reached XP level 6. HP: 13/33 MP: 2/7
   984 | D:5      | Found a sand-covered staircase.
   991 | Ossuary  | Entered an ossuary
  1026 | Ossuary  | Reached skill level 6 in Unarmed Combat
  1100 | D:6      | Noticed a centaur
  1108 | D:6      | Killed a centaur
  1134 | D:6      | Identified the +7 spear of Yrohy {flame, *Confuse rElec MR+ Str+4} (You found it on level 4 of the Dungeon)
  1137 | D:7      | Gained mutation: You have a somewhat thin skeletal structure (Dex +2, Stealth). [potion of mutation]
  1137 | D:7      | Gained mutation: Armour fits poorly on your strangely shaped body. [potion of mutation]
  1137 | D:7      | Gained mutation: Your spells are a little harder to cast, but a little more powerful. [potion of mutation]
  1138 | D:7      | Gained mutation: You have sharp toenails. [potion of mutation]
  1138 | D:7      | Gained mutation: You have a pair of small antennae on your head. [potion of mutation]
  1245 | D:7      | Got a faintly glowing plate armour
  1256 | D:7      | Identified the cursed +0 plate armour of Trog's Benevolence {+Inv rPois Str-5 Dex-2} (You found it on level 7 of the Dungeon)
  1441 | D:6      | Noticed an ice beast
  1453 | D:6      | Killed an ice beast
  1453 | D:6      | Reached skill level 7 in Unarmed Combat
  1453 | D:6      | Reached XP level 7. HP: 26/37 MP: 5/8
  1488 | D:7      | RIP
  1580 | D:8      | Noticed Erica
  1723 | D:9      | Reached skill level 8 in Unarmed Combat
  1734 | D:9      | atheist rip
  1773 | D:9      | HP: 2/55 [poisoned by a killer bee]
  1777 | D:9      | Slain by a giant frog

Action                   |  1- 3 |  4- 6 |  7- 9 || total
-------------------------+-------+-------+-------++-------
Melee: Unarmed           |    35 |   170 |    30 ||   235
  Use: Scroll            |     3 |     9 |     2 ||    14
       Potion            |       |     3 |     3 ||     6
 Stab: Held in net/web   |       |     1 |       ||     1
  Eat: Chunk             |       |     2 |     1 ||     3
